 Dungeon Crawl Stone Soup version 0.30-a0-760-g5a9884bb7c (webtiles) character file.

Game seed: 9894509767931444080

8787 retardedninja the Grappler (level 11, -6/109 HPs)
             Began as a Troll Fighter on Feb 9, 2023.
             Was a Priest of the Shining One.
             Mangled by a komodo dragon (28 damage)
             ... on level 1 of the Lair of Beasts on Feb 10, 2023.
             The game lasted 00:12:44 (9110 turns).

retardedninja the Grappler (Troll Fighter)          Turns: 9110, Time: 00:12:45

Health: -6/109     AC:  6    Str: 40    XL:     11   Next: 14%
Magic:  10/10      EV: 10    Int:  3    God:    the Shining One [***...]
Gold:   570        SH: 14    Dex:  8    Spells: 10/10 levels left

rFire   . . .      SeeInvis +      - Unarmed
rCold   . . .      Faith    .    b - +0 kite shield
rNeg    + . .      Spirit   .    m - +0 troll leather armour
rPois   .          Reflect  +    (helmet restricted)
rElec   .          Harm     .    (no cloak)
rCorr   .          Rampage  .    (gloves unavailable)
Will    .....                    (boots unavailable)
Stlth   +                        x - amulet of reflection
HPRegen 1.98/turn                a - +6 ring of strength
MPRegen 0.12/turn                (no ring)

@: about to teleport, glowing, studying Dodging
A: large, unfitting armour, claws 3, regeneration 1, shaggy fur 1, tough skin 1,
see invisible, strong 1
a: Renounce Religion, Divine Shield, Cleansing Flame


You were on level 1 of the Lair of Beasts.
You worshipped the Shining One.
The Shining One was most pleased with you.
You visited 3 branches of the dungeon, and saw 12 of its levels.

You collected 570 gold pieces.

Inventory:

Missiles
 c - a throwing net (quivered)
Armour
 b - a +0 kite shield (worn)
 m - a +0 troll leather armour (worn)
Jewellery
 a - a +6 ring of strength (left claw)
 x - an amulet of reflection (around neck)
Wands
 z - a wand of mindburst (6)
 A - a wand of iceblast (18)
 D - a wand of light (6)
Scrolls
 h - a scroll of brand weapon
 i - 5 scrolls of teleportation
 j - 2 scrolls of enchant weapon
 k - 2 scrolls of noise
 u - 2 scrolls of vulnerability
Potions
 d - 5 potions of flight
 f - a potion of resistance {unknown}
 g - a potion of ambrosia
 l - 3 potions of mutation
 q - 2 potions of attraction
 B - 2 potions of might
 E - a potion of brilliance


   Skills:
 + Level 7.3 Fighting
 + Level 8.8 Dodging
 + Level 8.0 Shields
 * Level 10.4 Unarmed Combat


You had 10 spell levels left.
You didn't know any spells.
Your spell library contained the following spells:

 Spells                   Type           Power      Damage    Failure   Level
 Slow                     Hex            0%         N/A       80%         1
 Summon Small Mammal      Summ           0%         N/A       80%         1
 Call Canine Familiar     Summ           0%         N/A       99%         3
 Confusing Touch          Hex            0%         N/A       99%         3
 Hailstorm                Conj/Ice       0%         3d3       99%         3
 Portal Projectile        Hex/Tloc       0%         N/A       99%         3
 Summon Guardian Golem    Hex/Summ       0%         N/A       99%         3
 Tukima's Dance           Hex            0%         N/A       99%         3
 Vampiric Draining        Necr           0%         2d6       99%         3
 Ice Form                 Ice/Tmut       0%         N/A       100%        4
 Leda's Liquefaction      Hex/Erth       0%         N/A       100%        4
 Passage of Golubria      Tloc           0%         N/A       100%        4
 Blade Hands              Tmut           0%         N/A       100%        5
 Yara's Violent Unravell  Hex/Tmut       0%         3d3       100%        5
 Simulacrum               Ice/Necr       0%         N/A       100%        6


Dungeon Overview and Level Annotations

Branches:
Dungeon (10/15)            Temple (1/1) D:4            Lair (1/5) D:8
    Orc: D:9-12

Altars:
Ashenzari
Cheibriados
Dithmenos
Elyvilon
Fedhas
Gozag
Kikubaaqudgha
Nemelex Xobeh
Okawaru
Qazlal
Ru
Sif Muna
Trog
Uskayaw
Vehumet
Xom
Yredelemnul
Zin
The Shining One

Shops:
D:2 *   D:7 (

Annotations:
D:5 2 transporters, soul19's ghost, weakling BaDe
D:8 2 runed translucent doors


Innate Abilities, Weirdness & Mutations

You are too large for most types of armour.
You have claws for hands.
Your natural rate of healing is unusually fast.
You are covered in fur. (AC +1)
You have tough skin. (AC +1)
You have supernaturally acute eyesight. (SInv)
Your muscles are strong. (Str +4, Int/Dex -1)


Message History

You block the cane toad's attack.
You see here 19 gold pieces.
You mangle the cane toad!!
The cane toad is heavily wounded.
The bullfrog hits you.
The blink frog blinks!
The rime drake breathes ice at you. The icy flash freeze hits you!!
You are encased in ice.
You block the cane toad's attack. You block the komodo dragon's attack.
The bullfrog hits you.
You scratch the cane toad.
The cane toad is severely wounded.
The rime drake is no longer encased in ice.
The cane toad stings you! The bullfrog hits you. The steam dragon misses you.
You block the steam dragon's attack.
The komodo dragon hisses menacingly.
The komodo dragon barely misses you.
You scratch the komodo dragon but do no damage.
You block the bullfrog's attack.
A cane toad comes into view.
The cane toad stings you but does no damage.
The blink frog blinks!
You block the komodo dragon's attack. The steam dragon closely misses you. x2
You mangle the komodo dragon!!
The komodo dragon is heavily wounded.
You block the bullfrog's attack. You block the cane toad's attack.
The komodo dragon bites you but does no damage.
The steam dragon breathes steam at you. The ball of steam hits you!
* * * LOW HITPOINT WARNING * * *
As you read the scroll of teleportation, it crumbles to dust.
You feel strangely unstable.
You are engulfed in a cloud of scalding steam.
* * * LOW HITPOINT WARNING * * *
The ice encasing you melts away. You block the bullfrog's attack.
You block the blink frog's attack. You block the cane toad's attack.
The bullfrog hits you but does no damage.
You block the blink frog's attack. The komodo dragon bites you!!
You die...

... . ...PPP ...
. #...... ..
P#.......
P##........
#..........
#.......... .
##FFD......
...###.l@F.....#
.......§k.......
...F..§.F.......
...§§§.†........
...§.§..........
.....§..........
................
................
......§........


You could see a komodo dragon, 2 cane toads, 2 blink frogs, a rime drake, a
steam dragon (catching breath) and a bullfrog.

Vanquished Creatures
  Pikel (D:7)
  An ugly thing (D:9)
  An orange demon (D:10)
  A red devil (D:10)
  A troll (D:9)
  A blink frog (Lair:1)
  A shadow (D:10)
  3 wraiths
  A vampire (D:9)
  12 yaks
  A steam dragon (D:7)
  Duvessa (D:5)
  5 water moccasins
  4 orc warriors
  A sky beast (D:8)
  4 black bears
  An ogre (D:3)
  3 centaurs
  A phantom (D:5)
  7 bullfrogs
  2 gnoll sergeants
  3 scorpions
  3 necrophages
  4 wights (D:9)
  Dowan (D:5)
  9 killer bees
  9 howler monkeys
  3 hounds
  3 jellies
  4 orc priests
  A gnoll bouda (D:8)
  2 iguanas (D:6)
  Natasha (thrice) (D:2)
  7 orc wizards
  10 gnolls
  3 adders
  A white imp (D:5)
  2 worms (D:2)
  3 dart slugs
  24 orcs
  6 ball pythons
  3 endoplasms
  4 giant cockroaches
  14 hobgoblins
  2 jackals (D:4)
  3 quokkas
  7 bats
  3 frilled lizards
  11 goblins
  7 kobolds
  4 rats
212 creatures vanquished.

Vanquished Creatures (others)
  43 fungi (D:8)
  35 plants (D:8)
78 creatures vanquished.

Grand Total: 290 creatures vanquished

Notes
Turn   | Place    | Note
-------+----------+-------------------------------------------
     0 | D:1      | retardedninja the Troll Fighter began the quest for the
                  | Orb.
     0 | D:1      | Reached XP level 1. HP: 22/22 MP: 0/0
   244 | D:1      | Reached XP level 2. HP: 29/29 MP: 1/1
   307 | D:1      | Upgraded the game from 0.30-a0-757-ga6a79fd877 to
                  | 0.30-a0-760-g5a9884bb7c
   412 | D:1      | Reached XP level 3. HP: 36/36 MP: 2/2
   982 | D:2      | Noticed Natasha
   993 | D:2      | Killed Natasha
   997 | D:2      | Reached XP level 4. HP: 35/42 MP: 3/3
  1005 | D:2      | Found Beopaufi's General Store.
  1023 | D:2      | Identified the +5 ring mail of the Desert {+Inv rN+ Dex+2}
  1023 | D:2      | Noticed Natasha
  1028 | D:2      | Killed Natasha
  1131 | D:2      | Noticed Natasha
  1142 | D:2      | Killed Natasha
  1143 | D:2      | Reached skill level 3 in Unarmed Combat
  1147 | D:2      | Reached XP level 5. HP: 37/53 MP: 4/4
  1627 | D:3      | Found an iron altar of Okawaru.
  1735 | D:3      | Noticed an ogre
  1745 | D:3      | Killed an ogre
  1836 | D:3      | Found a faded altar of an unknown god.
  2009 | D:4      | Noticed a black bear
  2010 | D:4      | Found a staircase to the Ecumenical Temple.
  2022 | D:4      | Killed a black bear
  2023 | D:4      | Reached XP level 6. HP: 42/61 MP: 5/5
  2519 | Temple   | Entered the Ecumenical Temple
  2525 | Temple   | Became a worshipper of the Shining One
  2609 | D:4      | Reached skill level 4 in Unarmed Combat
  2842 | D:4      | Identified the +4 falchion of the People {flame, rN+ rCorr}
  2986 | D:4      | Found a basalt altar of Yredelemnul.
  3013 | D:5      | Entered Level 5 of the Dungeon
  3026 | D:5      | Reached XP level 7. HP: 56/68 MP: 6/6
  3381 | D:5      | Noticed soul19's ghost (weakling BaDe)
  3415 | D:5      | Found a transporter.
  3415 | D:5      | Noticed Dowan
  3418 | D:5      | Noticed Duvessa
  3559 | D:5      | Killed Duvessa
  3563 | D:5      | Killed Dowan
  3800 | D:5      | Found a glowing silver altar of Zin.
  3837 | D:5      | Reached * piety under the Shining One
  3883 | D:5      | Found a transporter.
  3986 | D:6      | Reached skill level 5 in Shields
  3986 | D:6      | Reached skill level 5 in Unarmed Combat
  3986 | D:6      | Reached XP level 8. HP: 71/79 MP: 7/7
  4025 | D:6      | Found a shimmering blue altar of Sif Muna.
  4383 | D:6      | Reached skill level 5 in Dodging
  4549 | D:6      | Reached skill level 5 in Fighting
  5197 | D:7      | Reached skill level 6 in Unarmed Combat
  5434 | D:7      | Reached XP level 9. HP: 52/88 MP: 8/8
  5690 | D:7      | Noticed Pikel
  5694 | D:7      | Killed Pikel
  5787 | D:7      | Found Vuzaic's Weapon Emporium.
  5956 | D:8      | Found a staircase to the Lair.
  5984 | D:7      | Reached skill level 7 in Unarmed Combat
  6344 | D:8      | Gained mutation: Your muscles are strong. (Str +4, Int/Dex
                  | -1) [potion of mutation]
  6344 | D:8      | Gained mutation: You have supernaturally acute eyesight.
                  | (SInv) [potion of mutation]
  6840 | D:8      | Reached ** piety under the Shining One
  6852 | D:8      | Reached skill level 8 in Unarmed Combat
  6883 | D:8      | Noticed a kobold demonologist
  6883 | D:8      | Identified the +4 dagger "Zueteson" {chaos, Dex+4}
  6883 | D:8      | Noticed a kobold demonologist
  6884 | D:8      | Noticed a white ugly thing
  7039 | D:8      | Found a large runed translucent door.
  7047 | D:8      | Found a large runed translucent door.
  7047 | D:8      | Found a shimmering altar of Xom.
  7444 | D:9      | Reached XP level 10. HP: 98/98 MP: 9/9
  7726 | D:9      | Noticed a white ugly thing
  7735 | D:9      | Killed a white ugly thing
  7826 | D:9      | Reached skill level 9 in Unarmed Combat
  8160 | D:9      | Reached *** piety under the Shining One
  8219 | D:9      | HP: 4/102 [gnoll sergeant/+0 trident of distortion (23)]
  8567 | D:10     | Entered Level 10 of the Dungeon
  8620 | D:10     | Reached skill level 10 in Unarmed Combat
  8659 | D:10     | Reached XP level 11. HP: 102/109 MP: 10/10
  8955 | Lair:1   | Entered Level 1 of the Lair of Beasts
  9110 | Lair:1   | Mangled by a komodo dragon

Illustrated notes

Levels and vault maps discovered:
D:1:      heliophobic_arrival_dark_side_of_the_moon, layout_loops_corners,
          minmay_vboxes
D:2:      layout_loops_ring, serial_shops, shop, uniq_natasha
D:3:      layout_rooms, okawaru_trees_1, hellmonk_ecumenical_altar_heavens_door
D:4:      layout_basic, marbit_many_paths, minmay_temple_entry_trees
D:5:      layout_rooms, lemuel_tele_altar, gammafunk_ghost_hive, uniq_duvessa
D:6:      layout_loops_ring, mainiacjoe_overflow_paths
D:7:      layout_loops_ring, serial_shops, nicolae_shop_crystal,
          minmay_manual_moon, uniq_pikel
D:8:      due_chaos_kobolds, layout_basic, due_lair_maze_entry_diamond
D:9:      layout_small_grid, kennysheep_potato
D:10:     layout_rooms, mainiacjoe_overflow_alcove_3, minmay_beelzebubs_servants
Temple:   nicolae_temple_ecumenical_triangle
Lair:1:   statuecave_lemuel, layout_hall_layers, chequers_serial_rivers_room_a,
          st_stairs_7, hangedman_lair_unloving_vines,
          chequers_serial_rivers_micro_b, dreamdust_mushroom_princess

Skill      XL: |  1  2  3  4  5  6  7  8  9 10 11 |
---------------+----------------------------------+-----
Shields        | 3 4 5 6 7 8 |  8.0
Fighting       | 3 4 5 6 7 |  7.3
Dodging        | 3 4 5 7 8 |  8.8
Unarmed Combat | 3 4 5 6 8 10 | 10.4

Action                     |  1- 3 |  4- 6 |  7- 9 | 10-12 || total
---------------------------+-------+-------+-------+-------++-------
  Melee: Unarmed           |    95 |   111 |   226 |   183 ||   615
  Evoke: Wand              |       |       |     1 |       ||     1
    Use: Potion            |     1 |     2 |     5 |     6 ||    14
         Scroll            |       |       |    15 |     2 ||    17
   Stab: Sleeping          |     1 |       |       |       ||     1
 Armour: Robe              |    32 |    30 |    65 |     4 ||   131
         Troll leather arm |       |       |       |    30 ||    30
  Dodge: Dodged            |    29 |    42 |   127 |    83 ||   281
  Block: Kite shield       |    47 |    34 |   120 |    77 ||   278
         Reflection        |       |       |       |     1 ||     1

Table legend: (Time is in decaauts)
 A = Elapsed time spent in this place.
 B = Non-inter-level travel time spent in this place.
 C = Inter-level travel time spent in this place.
 D = Time resting spent in this place.
 E = Time spent auto-exploring this place.
 F = Levels seen in this place.
 G = Mean time per level.
                   A        B        C        D        E       F      G
               +--------+--------+--------+--------+--------+-----+--------+
         Total |   9165 |   8786 |    379 |   2349 |   4849 |  12 |  763.8 |
       Dungeon |   9106 |   8737 |    369 |   2349 |   4828 |  10 |  910.6 |
        Temple |     43 |     34 |      9 |      0 |     21 |   1 |   43.0 |
          Lair |     14 |     14 |      0 |      0 |      0 |   1 |   14.0 |
               +--------+--------+--------+--------+--------+-----+--------+

Top non-repeatable levels by time:
     D:7: 1814 daAuts
     D:9: 1282 daAuts
     D:4: 1108 daAuts
     D:8: 961 daAuts
     D:1: 937 daAuts
     D:5: 854 daAuts
     D:6: 792 daAuts
     D:2: 701 daAuts
     D:3: 368 daAuts
    D:10: 284 daAuts
  Temple: 43 daAuts
  Lair:1: 14 daAuts
